 Dungeon Crawl Stone Soup version 0.28.0 (webtiles) character file.

Game seed: 12989148667940159816

77 Hasart the Insei (level 4, -2/27 (28) HPs)
             Began as an Octopode Transmuter on Feb 15, 2022.
             Slain by an orc wizard (13 damage)
             ... on level 3 of the Dungeon.
             The game lasted 00:03:55 (2964 turns).

Hasart the Insei (Octopode Transmuter)              Turns: 2964, Time: 00:03:55

HP:   -2/27 (28)    AC:  2    Str:  9    XL:     4   Next: 33%
MP:   0/7           EV: 23    Int: 17    God:
Gold: 56            SH:  0    Dex: 17    Spells: 1/7 levels left

rFire   . . .      SeeInvis .     - Unarmed
rCold   . . .      Faith    .   (shield currently unavailable)
rNeg    . . .      Spirit   +   (helmet currently unavailable)
rPois   x          Reflect  .   a - amulet of guardian spirit
rElec   .          Harm     .   g - +4 ring of evasion
rCorr   .          Rampage  .   (no ring)
Will    .....                   (no ring)
Stlth   ++........              (no ring)
HPRegen 0.09/turn               (no ring)
MPRegen 0.10/turn               (no ring)
                                (no ring)
                                (no ring)

@: spider-form (expiring), very slightly contaminated, lightly drained
A: venomous fangs, almost no armour, (amphibious), 8 rings, tiny, (camouflage
1), (gelatinous body 1), (nimble swimmer 1), (tentacles)
a: End Transformation


You were on level 3 of the Dungeon.
You were a venomous arachnid creature.
You visited 1 branch of the dungeon, and saw 3 of its levels.

You collected 56 gold pieces.

Inventory:

Missiles
 d - 6 boomerangs
Jewellery
 a - an amulet of guardian spirit (around neck)
 g - a +4 ring of evasion (left front leg)
Scrolls
 c - a scroll of teleportation {unknown}
 e - 3 scrolls of identify {unknown}
 f - a scroll of fear {unknown}
Potions
 b - a potion of haste {unknown}
 h - a potion of brilliance {unknown}


   Skills:
 + Level 1.6 Fighting
 + Level 0.9 Throwing
 + Level 2.4 Dodging
 * Level 3.6 Unarmed Combat
 + Level 2.3 Spellcasting
 + Level 2.4 Transmutations
 + Level 0.7 Poison Magic


You had one spell level left.
You knew the following spells:

 Your Spells              Type           Power      Damage    Failure   Level
a - Beastly Appendage     Tmut           20%        N/A       19%         1
b - Wereblood             Tmut           10%        N/A       26%         2
c - Spider Form           Tmut/Pois      7%         N/A       50%         3

Your spell library contained the following spells:

 Spells                   Type           Power      Damage    Failure   Level
 Apportation              Tloc           4%         N/A       38%         1
 Ice Form                 Ice/Tmut       6%         N/A       89%         4
 Alistair's Intoxication  Tmut/Pois      4%         N/A       99%         5


Dungeon Overview and Level Annotations

Branches:
Dungeon (3/15)

Altars:

Annotations:
D:2 1 runed translucent door, Crazy Yiuf


Innate Abilities, Weirdness & Mutations

You are a venomous arachnid creature.
You have poisonous fangs.
You are tiny and dextrous.
Your spellcasting is less reliable in this form.
Your armour is entirely melded.
You are incapable of wielding weapons or throwing items.
You cannot wear most types of armour.
((You are amphibious.))
You can wear up to eight rings at the same time.
((Your skin changes colour to match your surroundings (Stealth+).))
((Your rubbery body absorbs attacks. (AC +1, EV +1)))
((You are camouflaged when in or above water. (Stealth+)))
((You have tentacles for arms and can constrict up to eight enemies at once.))


Message History

You feel drained.
You barely miss the orc.
The orc is lightly wounded.
You constrict the orc. The orc completely misses you.
An orc is nearby!
You tentacle-slap the orc but do no damage.
You tentacle-slap the orc.
You kill the orc!
No target in view!
An orc wizard comes into view.
It is wielding the +7 mace of the Special Emperors {flame, *Rage rElec rF+++ Str-4}.
Found a dagger and a gnarled smoking staff.
The orc wizard points at you and mumbles some strange words.
You are confused.
Items here: ( )) †.
The orc wizard points at you and mumbles some strange words.
You resist with some effort. The orc wizard casts a spell at you.
The magic dart hits you.
You feel less confused.
Casting: Beastly Appendage (safe; 7% risk of failure)
Confirm with . or Enter, or press ? or * to list all spells.
The spell is extremely dangerous to miscast (28% risk of failure)!
Continue anyway?
You miscast Spider Form.
You are very lightly contaminated with residual magic.
Nothing appears to happen.
Casting: Spider Form (extremely dangerous; 28% risk of failure)
Confirm with . or Enter, or press ? or * to list all spells.
The spell is extremely dangerous to miscast (28% risk of failure)!
Continue anyway?
You turn into a venomous arachnid creature.
The orc wizard casts a spell at you. The puff of flame hits you!
Your transformation is almost over.
You hit the orc wizard but do no damage.
The orc wizard is poisoned.
The orc wizard misses you.
You closely miss the orc wizard.
The orc wizard goes berserk!
The orc wizard hits you with the +7 mace of the Special Emperors {flame, *Rage rElec rF+++ Str-4}.
The orc wizard burns you.
The orc wizard rages.
The orc wizard hits you with the +7 mace of the Special Emperors {flame, *Rage rElec rF+++ Str-4}!
You die...

+# #######.#
#.......#
#s####..##
#o##.....##
#.###.##<.....#
#............####
#####.##.........
#.##.....####
#.####).##
#.).....#
#######.#


You could see an orc wizard (berserk, very poisoned).

Vanquished Creatures
  Terence (D:2)
  A dart slug (D:2)
  2 orcs (D:3)
  3 ball pythons
  4 endoplasms
  3 giant cockroaches
  6 goblins
  8 hobgoblins
  2 quokkas
  3 bats (D:1)
  5 frilled lizards
  3 kobolds
  3 rats
44 creatures vanquished.

Notes
Turn   | Place    | Note
-------+----------+-------------------------------------------
     0 | D:1      | Hasart the Octopode Transmuter began the quest for the Orb.
     0 | D:1      | Reached XP level 1. HP: 13/13 MP: 3/3
   306 | D:1      | Reached XP level 2. HP: 8/18 MP: 3/5
  1190 | D:1      | Reached XP level 3. HP: 23/23 MP: 6/6
  1193 | D:1      | Learned a level 2 spell: Wereblood
  1197 | D:1      | Learned a level 3 spell: Spider Form
  1938 | D:2      | Noticed Terence
  1949 | D:2      | Killed Terence
  1950 | D:2      | Reached XP level 4. HP: 27/28 MP: 3/7
  2213 | D:2      | Found a faded altar of an unknown god.
  2754 | D:2      | Found a runed translucent door.
  2755 | D:2      | Noticed Crazy Yiuf
  2951 | D:3      | Identified the +7 mace of the Special Emperors {flame,
                  | *Rage rElec rF+++ Str-4}
  2964 | D:3      | Slain by an orc wizard

Illustrated notes

Levels and vault maps discovered:
D:1:      wander_arrival_chamber, layout_basic, minmay_surrounded
D:2:      layout_loops_corners, shapermc_ecumenical_altar_gd,
          uniq_crazy_yiuf_cottage, uniq_terence
D:3:      minmay_wonky_spiral, layout_loops_corners, overflow_temple_1_default,
          nicolae_kikubaaqudgha_miasma_corner, chequers_serial_rivers_large_a,
          corexii_leaking_fountain, minmay_tree_intersection,
          kennysheep_jessica_study, uniq_sigmund

Action                   |  1- 3 |  4- 6 || total
-------------------------+-------+-------++-------
Melee: Unarmed           |    76 |    34 ||   110
       Tentacles         |    16 |     4 ||    20
       Constrict         |    16 |     5 ||    21
       Kick              |     3 |       ||     3
       Punch             |     3 |     1 ||     4
 Cast: Beastly Appendage |     1 |     1 ||     2
       Spider Form       |     1 |     1 ||     2
 Stab: Sleeping          |     4 |     3 ||     7
Armor: Skin              |     7 |     2 ||     9
Dodge: Dodged            |    41 |    16 ||    57
